 Dungeon Crawl Stone Soup version 0.29-a0-1047-g7c58e119a4 (webtiles) character file.

Game seed: 7844594453234772237

412 nickcage the Spear-Bearer (level 6, -1/44 HPs)
             Began as a Merfolk Gladiator on Aug 16, 2022.
             Slain by a water moccasin (7 damage)
             ... on level 5 of the Dungeon.
             The game lasted 00:07:28 (3932 turns).

nickcage the Spear-Bearer (Merfolk Gladiator)       Turns: 3932, Time: 00:07:30

Health: -1/44      AC: 12    Str: 16    XL:     6   Next: 90%
Magic:  6/6        EV:  5    Int:  8    God:
Gold:   195        SH:  0    Dex: 15    Spells: 5/5 levels left

rFire   . . .      SeeInvis .   v - +1 glaive (venom)
rCold   . . .      Faith    .   (shield currently unavailable)
rNeg    . . .      Spirit   .   w - +0 plate armour
rPois   .          Reflect  .   c - +1 helmet
rElec   .          Harm     .   (no cloak)
rCorr   .          Rampage  .   (no gloves)
Will    .....                   (no boots)
Stlth   ..........              (no amulet)
HPRegen 0.14/turn               (no ring)
MPRegen 0.10/turn               (no ring)

@: lethally poisoned (-1 -> -14)
A: (nimble swimmer 2), mertail
a: no special abilities


You were on level 5 of the Dungeon.
You visited 1 branch of the dungeon, and saw 5 of its levels.

You collected 195 gold pieces.

Inventory:

Hand Weapons
 a - a +0 trident
 v - a +1 glaive of venom (weapon)
Missiles
 d - 4 throwing nets
 e - a javelin
 f - a silver javelin (quivered)
 g - 3 curare-tipped darts
 k - 6 poisoned darts
 t - 5 boomerangs
Armour
 b - a +0 leather armour
 c - a +1 helmet (worn)
 u - a +0 ring mail
 w - a +0 plate armour (worn)
Jewellery
 m - a ring of fire
 n - an amulet of guardian spirit
Scrolls
 j - a scroll of amnesia
 q - a scroll of enchant armour
 r - a scroll of poison
 B - 4 scrolls of teleportation
Potions
 h - 2 potions of berserk rage
 l - a potion of invisibility
 o - 2 potions of attraction
 p - a potion of cancellation
 s - a potion of mutation
 z - a potion of degeneration {unknown}
 A - a potion of lignification {unknown}


   Skills:
 - Level 2.1 Fighting
 + Level 9.9 Polearms
 - Level 2.0 Throwing
 - Level 4.0 Dodging


You had 5 spell levels left.
You didn't know any spells.
Your spell library contained the following spells:

 Spells                   Type           Power      Damage    Failure   Level
 Freeze                   Ice            0%         1d3       100%        1
 Frozen Ramparts          Ice            0%         1d1       100%        3
 Hailstorm                Conj/Ice       0%         3d3       100%        4


Dungeon Overview and Level Annotations

Branches:
Dungeon (5/15)
 Temple: D:4-7

Altars:


Innate Abilities, Weirdness & Mutations

((You are very nimble when in or above water. (Stealth+, EV+, Speed+++)))
Your lower body shifts to a powerful aquatic tail in water.


Message History

You barely miss the jackal zombie.
The jackal zombie bites you but does no damage.
The jackal zombie attacks as you move away!
The jackal zombie bites you but does no damage.
You hear the slow hiss of an avalanche of sand very nearby.
The jackal zombie bites you but does no damage.
You throw a silver javelin.
The silver javelin pierces through the orc.
The orc is moderately wounded.
The silver javelin pierces through the orc.
You kill the orc!
You barely miss the orc.
The orc is moderately wounded.
The orc hits you with a +0 hand axe.
You are too injured to fight recklessly!
You are too injured to fight recklessly!
You slash the orc!
You kill the orc!
The water moccasin bites you.
You closely miss the water moccasin.
The water moccasin bites you but does no damage.
You closely miss the water moccasin.
The water moccasin bites you but does no damage.
The water moccasin barely misses you.
You hit the water moccasin.
The water moccasin is lightly wounded.
The water moccasin barely misses you.
You closely miss the water moccasin.
The water moccasin is lightly wounded.
The water moccasin bites you. The water moccasin bites you!
* * * LOW HITPOINT WARNING * * *
You are lethally poisoned!
The water moccasin poisons you!
You miss the water moccasin.
The water moccasin is lightly wounded.
* * * LOW HITPOINT WARNING * * *
You feel very sick.
The water moccasin bites you but does no damage.
The water moccasin bites you!
You die...

.†# #......#####.### ..#
#......#...#...########
..######...................
...........................
#.##.......#..............
#.##.......#.####.#...###
#..........#............#
#.##......#########.....#
#...............@SZ.)..(#
.........#############..#
.........# #..# .........#
#o.#
.........#########........#
...............<##........#
####.....#########..S.)..##
......... ..........
###....### ##.....)...#


You could see a water moccasin and a jackal zombie.

Vanquished Creatures
  An ogre (D:4)
  2 scorpions
  A hound (D:4)
  An orc priest (D:5)
  An orc wizard (D:3)
  A gnoll (D:1)
  5 adders
  An ufetubus (D:5)
  2 dart slugs
  8 orcs
  4 endoplasms
  2 giant cockroaches
  6 goblins
  7 hobgoblins
  2 jackals (D:4)
  7 kobolds
  4 ball pythons
  A bat (D:2)
  5 frilled lizards
  A rat (D:1)
62 creatures vanquished.

Notes
Turn   | Place    | Note
-------+----------+-------------------------------------------
     0 | D:1      | nickcage the Merfolk Gladiator began the quest for the Orb.
     0 | D:1      | Reached XP level 1. HP: 16/16 MP: 1/1
   238 | D:1      | Reached skill level 5 in Polearms
   238 | D:1      | Reached XP level 2. HP: 22/22 MP: 2/2
   511 | D:1      | Reached XP level 3. HP: 25/27 MP: 3/3
   740 | D:2      | Found a faded altar of an unknown god.
  1531 | D:2      | Reached skill level 6 in Polearms
  2117 | D:3      | Reached XP level 4. HP: 21/33 MP: 4/4
  2261 | D:3      | Reached skill level 7 in Polearms
  2919 | D:4      | Noticed a scorpion
  2923 | D:4      | Killed a scorpion
  2924 | D:4      | Reached XP level 5. HP: 31/38 MP: 5/5
  3027 | D:4      | Reached skill level 8 in Polearms
  3200 | D:4      | Noticed an ogre
  3207 | D:4      | Killed an ogre
  3208 | D:4      | Reached skill level 9 in Polearms
  3208 | D:4      | Reached XP level 6. HP: 6/44 MP: 6/6
  3820 | D:5      | Entered Level 5 of the Dungeon
  3915 | D:5      | Noticed a water moccasin
  3932 | D:5      | Slain by a water moccasin

Illustrated notes

Levels and vault maps discovered:
D:1:      matt_arrival_refuge, layout_basic
D:2:      layout_basic, ebering_ecumenical_altar_webs
D:3:      layout_loops_cross
D:4:      layout_basic
D:5:      layout_basic, gammafunk_temple_overflow_statue,
          minmay_temple_entry_wispy, enter_ossuary_3, minmay_misc_feat_room

Skill      XL: |  1  2  3  4  5 |
---------------+----------------+-----
Polearms       | 5 6 7 9 |  9.9
Fighting       | |  2.1
Throwing       | |  2.0
Dodging        | |  4.0

Action                   |  1- 3 |  4- 6 || total
-------------------------+-------+-------++-------
Melee: Trident           |    57 |       ||    57
       Glaive            |    35 |    88 ||   123
Throw: Javelin           |     4 |    12 ||    16
  Use: Scroll            |     7 |     7 ||    14
Armor: Leather armour    |     7 |       ||     7
       Plate armour      |    19 |    73 ||    92
       Ring mail         |     2 |       ||     2
Dodge: Dodged            |    33 |    32 ||    65

Table legend: (Time is in decaauts)
 A = Elapsed time spent in this place.
 B = Non-inter-level travel time spent in this place.
 C = Inter-level travel time spent in this place.
 D = Time resting spent in this place.
 E = Time spent auto-exploring this place.
 F = Levels seen in this place.
 G = Mean time per level.
                   A        B        C        D        E       F      G
               +--------+--------+--------+--------+--------+-----+--------+
         Total |   3977 |   3827 |    150 |    329 |   2935 |   5 |  795.4 |
       Dungeon |   3977 |   3827 |    150 |    329 |   2935 |   5 |  795.4 |
               +--------+--------+--------+--------+--------+-----+--------+

Top non-repeatable levels by time:
     D:4: 1172 daAuts
     D:2: 1043 daAuts
     D:3: 902 daAuts
     D:1: 741 daAuts
     D:5: 117 daAuts
